Cogmind - Beta 14 @@@ ROGUE MODE // 2024.08.26 @ 17:47:22 Player: JohnnyDongs Result: Destroyed by UO-DIU(R) with Subdweller Machine Gun Performance ------------- Evolutions (0) 0 Regions Visited (3) 600 Robots Destroyed (23) 115 Value Destroyed (577) 577 Prototype IDs (2) 40 Alien Tech Used (0) 0 Bonus (0) 0 TOTAL SCORE: 1332 Bonus ------- None Cogmind --------- Core Integrity 0/250 Matter 388/500 Energy 200/200 System Corruption 0% Temperature Cool (0) Movement Rolling (110) Location -10/Subcaves Parts ------- > --- POWER (1) -------- Subdweller Power Source > --- PROPULSION (2) --- Subdweller Monowheel Subdweller Monowheel > --- UTILITY (2) ------ High-capacity Matter Pod > --- WEAPON (2) ------- Subdweller Laser Battle Rifle > --- INVENTORY (5) ---- Wheel Improved Terrain Scanner Light Cannon Light Cannon Mining Laser Peak State ------------ > --- POWER ------------ Subdweller Power Source > --- PROPULSION ------- Wheel Subdweller Monowheel > --- UTILITY ---------- High-capacity Matter Pod Improved Terrain Scanner > --- WEAPON ----------- Subdweller Laser Battle Rifle > --- INVENTORY -------- Wheel Improved Terrain Scanner Light Cannon Light Cannon Mining Laser [Rating: 13] Favorites ----------- Power Subdweller Power Source Engine Subdweller Power Source Propulsion Wheel Leg Aluminum Leg Wheel Wheel Utility Improved Terrain Scanner Device Improved Terrain Scanner Storage High-capacity Matter Pod Processor Targeting Computer Weapon Light Cannon Energy Gun Subdweller Laser Ballistic Gun Battle Rifle Ballistic Cannon Light Cannon Special Weapon Mining Laser Build | -11 -10 -10 -10 ------- Run | Yrd Mat Min Sub Slots Evolved . | . . . . Power . | . . . . Propulsion . | . . . . Utility . | . . . . Weapon . | . . . . Parts Attached 41 | 7 19 4 11 Power 5 | 2 2 . 1 Engine 5 | 2 2 . 1 Core . | . . . . Reactor . | . . . . Propulsion 7 | 2 3 . 2 Treads . | . . . . Leg 1 | . 1 . . Wheel 6 | 2 2 . 2 Hover . | . . . . Flight . | . . . . Utility 10 | 1 6 2 1 Device 6 | 1 3 2 . Storage 1 | . . . 1 Processor 3 | . 3 . . Hackware . | . . . . Protection . | . . . . Artifact . | . . . . Weapon 19 | 2 8 2 7 Energy Gun 5 | 1 3 . 1 Energy Cannon . | . . . . Ballistic Gun 4 | 1 1 . 2 Ballistic Cannon 6 | . 3 1 2 Launcher . | . . . . Special Weapon 4 | . 1 1 2 Impact Weapon . | . . . . Slashing Weapon . | . . . . Piercing Weapon . | . . . . Special Melee Weapon . | . . . . Unidentified Prototypes . | . . . . Parts Lost 10 | . 6 . 4 Power 1 | . 1 . . Propulsion 3 | . 1 . 2 Utility 5 | . 3 . 2 Weapon 1 | . 1 . . Highest Loss Streak 3 | . 3 . 2 To Critical Strikes . | . . . . Average Slot Usage (%) 93 | . 81 100 97 Engine 12 | . 7 14 14 Wheel 26 | . 24 28 27 Device 14 | . 5 19 17 Storage 5 | . . . 7 Processor 3 | . 12 8 . Energy Gun 6 | . 9 . 6 Ballistic Gun 5 | . 5 . 6 Ballistic Cannon 14 | . 12 24 14 Special Weapon 1 | . . 3 1 Peak Build Rating 13 | 8 8 9 13 Average Rating 9 | 4 6 8 10 On Entrance 6 | . 8 7 9 Naked Turns . | . . . . Heaviest Build 16 | 9 11 13 16 Greatest Support 40 | 26 26 20 40 Greatest Overweight (x) 1 | . . . 1 Average Overweight (x) . | . . . . Largest Inventory Capacity 5 | 5 5 5 5 Average Capacity 5 | 5 5 5 5 Most Carried 5 | 3 5 5 5 Average Carried 4 | . 4 5 4 Final Capacity 5 | 5 5 5 5 Final Carried 5 | 3 5 5 5 Class Distribution -------------------- 62% | Mutant 37% | Scavenger-Mutant Dominant Class ---------------- Mutant | -10/Materials Mutant | -10/Mines Scavenger-Mutant | -10/Subcaves Resources | -11 -10 -10 -10 ----------- Run | Yrd Mat Min Sub Matter Collected 967 | 272 450 23 222 Remotely . | . . . . Salvage Created 676 | 28 433 16 199 Parts 51 | 4 27 4 16 Haulers Intercepted 2 | . 2 . . Recyclers Shooed . | . . . . Parts Field Recycled . | . . . . Retrieved Matter . | . . . . Parts Self-Destructed 25 | . . . 25 Prevented . | . . . . Kills | -11 -10 -10 -10 ------- Run | Yrd Mat Min Sub Combat Hostiles Destroyed 13 | . 6 . 7 Guns 9 | . 6 . 3 Cannons 4 | . . . 4 Classes Destroyed 8 | 1 5 . 2 Builder 1 | . 1 . . Tunneler 3 | 1 1 1 . Hauler 2 | . 2 . . Recycler 1 | . 1 . . Watcher 3 | . 3 . . Swarmer 1 | . . . 1 Grunt 6 | . 6 . . Subdweller 6 | . . . 6 Best Kill Streak 3 | 1 3 1 2 Combat Bots Only 2 | . 2 . 2 Max Kills in Single Turn 1 | 1 1 1 1 Gunslinging . | . . . . Exploded . | . . . . Melee . | . . . . Uniques/NPCs Destroyed . | . . . . Combat | -11 -10 -10 -10 -------- Run | Yrd Mat Min Sub Hostile Shots Fired 80 | . 57 . 23 Missed 18 | . 15 . 3 Damage Taken 995 | . 564 . 431 Core 266 | . 157 . 109 Absorbed by Shields . | . . . . Core Remaining (%) 100 | 100 . . . Volleys Fired 103 | 2 61 8 32 Largest 2 | 2 2 2 2 Hottest 160 | 70 115 100 160 Shots Fired 192 | 4 121 10 57 Gun 111 | 4 88 . 19 Cannon 66 | . 32 4 30 Launcher . | . . . . Special 15 | . 1 6 8 Kinetic 109 | 2 67 4 36 Thermal 80 | 2 51 6 21 Explosive . | . . . . Electromagnetic 3 | . 3 . . Robot Hit Streak 10 | 2 9 2 10 Robot Miss Streak 3 | 1 3 1 3 Penetration Max . | . . . . Secondary Targets 1 | . 1 . . Max Gunslinging Chain 1 | . 1 . . Shots Hit Robots 120 | 2 86 2 30 Core Hits 39 | 1 27 . 11 Critical Kills . | . . . . Critical Parts Destroyed . | . . . . Critical Strikes 8 | 1 5 1 1 Burn 5 | 1 4 . . Blast 3 | . 1 1 1 Melee Attacks . | . . . . Impact . | . . . . Slashing . | . . . . Piercing . | . . . . Sneak Attacks . | . . . . Combat Hostiles . | . . . . Follow-up Attacks . | . . . . Damage Inflicted 1730 | 21 1135 32 542 Guns 994 | 21 780 . 193 Cannons 736 | . 355 32 349 Explosions . | . . . . Melee . | . . . . Ramming . | . . . . Kinetic 1054 | 8 600 32 414 Thermal 639 | 13 498 . 128 Explosive . | . . . . Electromagnetic 37 | . 37 . . Impact . | . . . . Slashing . | . . . . Piercing . | . . . . Highest Corruption . | . . . . Average Corruption . | . . . . Corruption Purged . | . . . . Corruption Blocked . | . . . . Overload Shots . | . . . . Overflow Damage . | . . . . Projectiles . | . . . . Explosions . | . . . . Melee . | . . . . Knockbacks 11 | . 1 . 10 Impact . | . . . . Kinetic 11 | . 1 . 10 Secondary . | . . . . Self-Inflicted Damage . | . . . . Shots . | . . . . Rammed . | . . . . Targets Rammed . | . . . . Kicked . | . . . . Crushed . | . . . . Highest Temperature 307 | 40 307 100 293 Average Temperature 76 | 23 79 41 120 Received Heat Transfer 700 | . 357 . 343 Effects 3 | . 2 . 1 Interference 3 | . 2 . 1 Siege Activations . | . . . . Robots Corrupted . | . . . . Combat Hostiles . | . . . . Parts Fried . | . . . . Impact Corruptions . | . . . . Robots Melted . | . . . . Combat Hostiles . | . . . . Parts Melted 5 | 1 4 . . Heat Transferred 1889 | 111 1628 . 150 Parts Sabotaged . | . . . . Parts Stolen . | . . . . Parts Stripped . | . . . . Power Chain Reactions . | . . . . Alert | -11 -10 -10 -10 ------- Run | Yrd Mat Min Sub Peak Influence 155 | 5 155 51 . Initial 46 | . 3 46 . Average 68 | 1 77 50 . Maximum Alert Level . | . . . . Low Security (%) 100 | 100 100 100 . Level 1 . | . . . . Level 2 . | . . . . Level 3 . | . . . . Level 4 . | . . . . Level 5 . | . . . . High Security . | . . . . Max Security . | . . . . Squads Dispatched 1 | . 1 . . Investigation 1 | . 1 . . Extermination . | . . . . Reinforcement . | . . . . Assault . | . . . . Garrison . | . . . . Intercept . | . . . . Searches Triggered . | . . . . Construction Impeded . | . . . . Haulers Reinforced . | . . . . Active Scanning Responses . | . . . . Cargo Convoy Interrupts . | . . . . Stealth | -11 -10 -10 -10 --------- Run | Yrd Mat Min Sub Distress Signals 3 | . 3 . . Communications Jammed . | . . . . Distress Signals . | . . . . Times Spotted 27 | . 15 . 12 Peak Tracking Total 7 | . 4 . 7 Tactical Retreats . | . . . . Traps | -11 -10 -10 -10 ------- Run | Yrd Mat Min Sub Traps Triggered 1 | . 1 . . Indirectly . | . . . . Trap Hack Attempts . | . . . . Triggered . | . . . . Disarmed 6 | . 6 . . Reprogrammed . | . . . . Reused . | . . . . Traps Extracted . | . . . . Installed . | . . . . Triggered . | . . . . Machines | -11 -10 -10 -10 ---------- Run | Yrd Mat Min Sub Machines Disabled . | . . . . Max in Single Turn . | . . . . Machines Repaired . | . . . . Machines Dismantled . | . . . . Machines Sabotaged . | . . . . Overloaded Fab Kills . | . . . . Hacking | -11 -10 -10 -10 --------- Run | Yrd Mat Min Sub Machines Accessed 8 | . 7 . 1 Terminals 7 | . 7 . . Fabricators . | . . . . Repair Stations . | . . . . Recycling Units . | . . . . Scanalyzers . | . . . . Garrison Access . | . . . . Total Hacks 32 | . 28 . 4 Successful 20 | . 16 . 4 Failed 12 | . 12 . . Catastrophic 2 | . 2 . . Database Lockouts . | . . . . Manual 18 | . 17 . 1 Terminals 28 | . 28 . . Fabricators . | . . . . Repair Stations . | . . . . Recycling Units . | . . . . Scanalyzers . | . . . . Garrison Access . | . . . . Terminal Hacks 16 | . 12 . 4 Record 4 | . . . 4 Prototype ID Bank 1 | . 1 . . Branch Access Points 1 | . 1 . . Terminal Index 1 | . 1 . . Recycling Unit Index 1 | . 1 . . Alert Level 3 | . 3 . . Locate Traps 1 | . 1 . . Disarm Traps 1 | . 1 . . Patrol Status 1 | . 1 . . Reinforcement Status 1 | . 1 . . Registered Prototypes 1 | . 1 . . Fabricator Hacks . | . . . . Repair Station Hacks . | . . . . Recycling Unit Hacks . | . . . . Scanalyzer . | . . . . Garrison Access Hacks . | . . . . Unauthorized Hacks 4 | . 4 . . Terminals 4 | . 4 . . Botnet 4 | . 4 . . Fabricators . | . . . . Repair Stations . | . . . . Recycling Units . | . . . . Scanalyzers . | . . . . Garrison Access . | . . . . Data Cores Recovered . | . . . . Used . | . . . . Hacking Detections 7 | . 7 . . Full Trace Events . | . . . . Feedback Events . | . . . . Feedback Blocked . | . . . . Robot Schematics Acquired . | . . . . Robots Built . | . . . . Authchips . | . . . . Time . | . . . . Total Robot Build Rating . | . . . . Part Schematics Acquired . | . . . . Parts Built . | . . . . Authchips . | . . . . Time . | . . . . Total Part Build Rating . | . . . . Parts Repaired . | . . . . Time . | . . . . Parts Recycled . | . . . . Recycled Matter . | . . . . Retrieved Matter . | . . . . Retrieved Components . | . . . . Parts Scanalyzed . | . . . . Part Schematics Acquired . | . . . . Parts Damaged . | . . . . Bothacking | -11 -10 -10 -10 ------------ Run | Yrd Mat Min Sub Used RIF Installer . | . . . . Robots Hacked . | . . . . Non-combat . | . . . . Combat . | . . . . Robot Hacks Applied . | . . . . Relay Couplers Released . | . . . . Fabnet Peak Effective % . | . . . . Robots Rewired . | . . . . Allies Hacked . | . . . . Hacks Repelled . | . . . . Allies | -11 -10 -10 -10 -------- Run | Yrd Mat Min Sub Total Allies . | . . . . Largest Group . | . . . . Highest-Rated Group . | . . . . Highest-Rated Ally . | . . . . Total Orders . | . . . . Ally Attacks . | . . . . Total Damage . | . . . . Kills . | . . . . Allies Corrupted . | . . . . Allies Melted . | . . . . Intel | -11 -10 -10 -10 ------- Run | Yrd Mat Min Sub Robot Analysis Total . | . . . . Derelict Logs Recovered 1 | . . . 1 Drone Launches . | . . . . Drone Recoveries . | . . . . Exploration | -11 -10 -10 -10 ------------- Run | Yrd Mat Min Sub Turns Passed 3172 | 71 795 129 2177 Spaces Moved 1302 | 64 638 115 485 Core 14 | 14 . . . Treads . | . . . . Legs . | . . . . Wheels 1288 | 50 638 115 485 Hover . | . . . . Flight . | . . . . Fastest Speed 50 | 50 80 80 80 Average Speed 85 | 80 86 80 85 Slowest Speed 110 | 90 100 80 110 Overloaded Moves . | . . . . Propulsion Burnouts . | . . . . Robots Hopped . | . . . . Cave-ins Triggered . | . . . . Exploration Rate (%) 41 | 5 96 35 30 Regions Visited 3 Branch Regions 2 Pre-discovered Areas . | . . . . Known Exits Taken 1 | . 1 . . Unknown Exits Taken 2 | 1 . 1 . Scrap Searched . | . . . . Spaces Dug 2 | . 1 1 . Terrain Destroyed 2 | . 1 1 . Melee . | . . . . Projectile 2 | . 1 1 . AOE . | . . . . Terrain Rammed . | . . . . Walls Destroyed . | . . . . Machines Disabled . | . . . . Actions | -11 -10 -10 -10 --------- Run | Yrd Mat Min Sub Total 3137 | 76 761 128 2172 Wait 1667 | . 28 . 1639 Move 1299 | 63 637 114 485 Hop . | . . . . Pick Up 10 | 3 6 . 1 Fast Attach 24 | 6 12 2 4 Attach 2 | . 1 . 1 Detach 1 | . . . 1 Swap 15 | 1 6 2 6 Drop 16 | 1 10 2 3 Fire 103 | 2 61 8 32 Melee . | . . . . Ram . | . . . . Kick . | . . . . Crush . | . . . . Escape Stasis . | . . . . Rewire . | . . . . Trap . | . . . . Miscellaneous . | . . . . Route ------- -11/Scrapyard -10/Materials (discovered 5 exits: [*Mat x3] / *Min x2) -10/Mines (discovered 2 exits: [*Mat] / *Sub) -10/Subcaves (discovered 1 exit: [Rec]) History --------- Turn | Location | Event 6 | -11/Scrapyard | Discovered new exit (range 14) 72 | -11/Scrapyard | Entered Materials 124 | -10/Materials | Discovered new exit (range 10) 223 | -10/Materials | Discovered new exit (range 9) 282 | -10/Materials | Core integrity fell below 50% 304 | -10/Materials | Lost 3 parts (1p1n1u) 313 | -10/Materials | Build established: Mutant 526 | -10/Materials | Identified exit to Mines 566 | -10/Materials | Discovered new exit (range 6) 825 | -10/Materials | Discovered new exit (range 16) 867 | -10/Materials | Entered Mines 921 | -10/Mines | Discovered new exit (range 14) 986 | -10/Mines | Discovered new exit (range 5) 996 | -10/Mines | Entered Subcaves 996 | -10/Subcaves | Learned Materials emergency access door positions 1501 | -10/Subcaves | Discovered new exit (range 6) 2174 | -10/Subcaves | Core integrity fell below 20% 2398 | -10/Subcaves | Visited Clippyterm 2401 | -10/Subcaves | Learned 40 Factory zone layouts 2401 | -10/Subcaves | Learned Factory garrison access intel 2495 | -10/Subcaves | Build established: Scavenger-Mutant 3102 | -10/Subcaves | A Subdweller sparked back to life 3102 | -10/Subcaves | A Subdweller sparked back to life 3102 | -10/Subcaves | A Subdweller sparked back to life 3173 | -10/Subcaves | Destroyed by UO-DIU(R) with Subdweller Machine Gun Last Messages --------------- to move. 03102_ 3O-3CN(R) creaks and sparks as it begins to move. 03102_ 3S-6NQ(R) creaks and sparks as it begins to move. 03102_ S-10 Pest destroyed. 03103_ HS-RCW(R) destroyed. 03105_ S-10 Pest destroyed. 03143_ 3S-6NQ(R) destroyed. 03145_ 3O-3CN(R) affixes Scrap Shield Fragment to Scrap Shield. 03147_ Wheel destroyed. 03147_ Critical hit (Meltdown: +280). 03149_ Imp. Terrain Scanner destroyed. 03152_ 3O-3CN(R) destroyed. 03154_ Overheating: System interference. 03154_ Sub. Laser temporarily disabled. 03155_ Acquired 36 matter. 03157_ Acquired Sub. Monowheel. 03159_ Acquired 41 matter. Map ----- +----------------------------------------------------+ | ?????????????????????????????????????????????????? | | ?????????????????????????????????????????????????? | | ?????????????????????????????????????????????????? | | ?????????????????????????????????????????????????? | | ?????????????????????????????????????????????????? | | ?????????????????????????????????????????????????? | | ?????????????????????????????????????????????????? | | ?????????????????????????????????????????????????? | | ????????????????????????????????????? ???????????? | | ??????????????????????????????#?????? ??????????? | | ???????????????????????????????????## ?????????? | | ????????????????????????????????#### ?????????? | | ???????????????????????????#????# ?????????? | | ????????????????????????????????? ?????????? | | ?????????????????????????????????? ?????????? | | ???????????????????????????????????# ?????????" | | ??????????????????????????????????## #???????? | | ??????????????????????????????????# ####????# | | ???????????????????????#????#?????# ##???# | | ?????????????????????????#????????# ##??# | | ????????????????????????????#?#???## ##??#" | | ????????????????#?????????####???????# ####" | | ????????#"& ??##?????????## ##???????# ##" | | ???????# " " # #####??### *& ##?????## ## | | ???????#=&= #### & ! #????## | | ?????? "%%= ## @##! #????# ## ## | | ???? [!&[* ## ## R#### #?#?### ## ## | | ??????? ???????## #?## #?##### ## # | | ????????????????# "" ## ### ## ### " | | ???????????????# """ # ## "" | | ??????????????# ##" ## ### ## ###" | | ??????????????## #### #####?# ##""###"" | | ???????????????# #??# #????## # " ?# " | | ???????????????# ??# ???## #" """ | | ?????????????? ?? ##"##"" | | ????????????? " ## ## ? ##?##" | | ???????????? """ " #?######? ##???## ## | | ????????????? !% ???????? ? ? ?#???###? | | ????????????????"?? ???#???????????### ???###??# | | ??????????????????""???????????????????# ? #????#? | | ??????????????????????????????????????#?# ?????#?? | | ?????????????????????????????????????????##???#??# | | ???????????????????????????????????????##??#?????# | | ??????????????????????????????????????#??#?????#?# | | ???????????????????????????????????????????????##? | | ????????????????????????????????????????#???#??#?# | | ???????????????????????????????????????????#????#? | | ????????????????????????????????????????#?#??????# | | ????????????????????????????????????????#?#?#????# | | ?????????????????????????????????????????????????? | +----------------------------------------------------+ Best States ------------- Heat Dissipation 35 Energy Generation 15 Energy Capacity 250 Matter Stores 391 Matter Capacity 500 Sight Range 16 Robot Scan Range 14 Terrain Scan Range 16 Terrain Scan Density 10 Evasion (%) 50 Targeting Accuracy 10 Item Schematics ----------------- None Robot Schematics ------------------ None Fabricated ------------ Nothing Alien Tech Used ----------------- None Achievements -------------- None Challenges ------------ None Game ------ Seed SkeletonExpertWand Manual? 0 Play Time 00:35:03 Cumulative 36.7 hours Start 2024.08.26 @ 10:15:21 End 2024.08.26 @ 17:47:22 Sessions 3 Manual Loads 0 Difficulty Rogue Special Mode None Game No. 24 Rogue 24 Adventurer 0 Explorer 0 Win Type - Total 0 Types 0/0/0/0/0/0/0/0/0 Lore% 15 Gallery% 30 Achievement% 32 Wizard Run 0 Options --------- Layout 1 ASCII 0 Keyboard 0 Movement Numpad Keybinds 0 Fullscreen 1 Font 24/Smallcaps Map View 50x35 Zoom Use 0% Tactical HUD 1 Map Filters NONE Filters NONE Steam 1 RUN: 967125d5-b814-4275-b694-a6f7ebfbfb6d